 Dungeon Crawl Stone Soup version 0.16.2-12-gd0ad4c3 (webtiles) character file.

105 Kulrik the Skirmisher (level 4, 0/37 HPs)
             Began as a Demonspawn Abyssal Knight on Nov 2, 2015.
             Was a Believer of Lugonu.
             Succumbed to an orc wizard's poison
             ... on level 3 of the Dungeon.
             The game lasted 00:14:44 (3479 turns).

Kulrik the Skirmisher (Demonspawn Abyssal Knight)   Turns: 3479, Time: 00:14:44

Health: 0/37       AC: 10    Str: 12    XL:     4   Next: 53%
Magic:  7/7        EV:  2    Int: 13    God:    Lugonu [**....]
Gold:   199        SH:  3    Dex: 14    Spells: 0 memorised, 3 levels left

rFire  + . .     SeeInvis .     a - +1 spear
rCold  x . .     Clarity  .     o - +0 plate armour
rNeg   . . .     SustAb   .     j - +0 buckler
rPois  .         Gourm    .     (helmet restricted)
rElec  .         Spirit   .     (no cloak)
rCorr  .         Warding  .     (no gloves)
rMut   .         Stasis   .     (no boots)
MR     .....                    (no amulet)
Stlth  ..........               (no ring)
                                h - ring of fire

@: lethally poisoned (0 -> -29), not resistant to hostile enchantments,
extremely unstealthy
A: horns 1, thin skeletal structure 1, demonic guardian 1, spit poison 1, weak
1, evolution 1
a: Spit Poison, Depart the Abyss, Bend Space, Renounce Religion


You were on level 3 of the Dungeon.
You worshipped Lugonu.
Lugonu was pleased with you.
You were not hungry.

You visited 1 branch of the dungeon, and saw 3 of its levels.
You visited the Abyss 1 time.

You collected 199 gold pieces.

Inventory:

Hand weapons
 a - a +1 spear (weapon)
 l - a +2 dagger of holy wrath
Missiles
 m - 5 needles of slowing
Armour
 b - a +0 leather armour
 e - a +0 chain mail
 j - a +0 buckler (worn)
 n - a +0 mottled dragon armour
 o - a +0 plate armour (worn)
Jewellery
 h - a ring of fire (left hand)
Scrolls
 i - a scroll of remove curse
 k - 2 scrolls of identify
Potions
 p - a potion of curing
Comestibles
 c - 3 bread rations
 d - a fruit
 g - a meat ration


   Skills:
 * Level 4.2 Fighting
 + Level 2.5 Polearms
 - Level 1.7 Armour
 - Level 0.8 Dodging
 + Level 4.1 Invocations


You had 3 spell levels left.
You didn't know any spells.

Dungeon Overview and Level Annotations

Branches:
Dungeon (3/15)

Altars:
Ashenzari
Trog


Innate Abilities, Weirdness & Mutations

You have a somewhat thin skeletal structure (Dex +2, Stealth).
A weak demonic guardian rushes to your aid.
You have a pair of small horns on your head.
You can spit poison.
You are weak. (Str -2)
You evolve.


Message History

Read which item? (? for menu, Esc to quit)
As you read the scroll of teleportation, it crumbles to dust.
You feel strangely unstable.
You feel sick. You block the orc wizard's attack.
The orc priest hits you but does no damage.
The orc wizard hits you but does no damage.
You are more poisoned.
The orc hits you but does no damage.
You feel very sick. The orc hits you but does no damage.
* * * LOW HITPOINT WARNING * * *
You feel very sick.
The orc priest calls upon Beogh to heal the orc wizard.
The orc wizard is healed somewhat.
The orc wizard barely misses you.
* * * LOW HITPOINT WARNING * * *
You feel sick.
The orc wizard points at you and mumbles some strange words.
The magic dart hits you!
* * * LOW HITPOINT WARNING * * *
Your surroundings suddenly seem different.
You die...

###############
......h.@..h..#
≈≈≈≈≈≈≈≈≈≈≈≈≈≈#
≈≈≈≈≈≈≈≈≈≈≈≈≈≈≈
≈≈≈≈≈≈≈≈≈≈≈≈≈≈≈
.h...P.........
......P......
###########


You could see 3 jackals.

Vanquished Creatures
  3 adders (D:2)
  A giant mite (D:2)
  A worm (D:2)
  2 giant geckos
  2 orcs (D:3)
  2 giant cockroaches
  9 goblins
  A hobgoblin (D:2)
  4 jackals (D:1)
  2 quokkas (D:3)
  2 ball pythons
  9 bats
  3 giant newts
  5 kobolds
  8 rats
54 creatures vanquished.

Vanquished Creatures (collateral kills)
  An adder (D:2)
  A worm (D:2)
  An orc (D:3)
3 creatures vanquished.

Vanquished Creatures (others)
  A quasit (D:2)
  A crimson imp (D:3)
  A white imp (D:3)
  An ufetubus (D:3)
4 creatures vanquished.

Grand Total: 61 creatures vanquished

Notes
Turn   | Place    | Note
--------------------------------------------------------------
     0 | Abyss:1  | Kulrik, the Demonspawn Abyssal Knight, began the quest for the Orb.
     0 | Abyss:1  | Reached XP level 1. HP: 18/18 MP: 1/1
     4 | Abyss:1  | Found a corrupted altar of Lugonu.
    76 | Abyss:1  | Noticed an iron imp
    97 | D:1      | Escaped the Abyss
   237 | D:1      | Gained mutation: You can spit poison. [potion of beneficial mutation]
   301 | D:1      | Acquired Lugonu's first power
   447 | D:1      | Gained mutation: A weak demonic guardian rushes to your aid. [demonic ancestry]
   447 | D:1      | Reached XP level 2. HP: 21/24 MP: 1/3
   705 | D:1      | Gained mutation: You have a pair of small horns on your head. [potion of mutation]
   705 | D:1      | Gained mutation: You evolve. [potion of mutation]
  1342 | D:2      | Gained mutation: You have a somewhat thin skeletal structure (Dex +2, Stealth). [demonic ancestry]
  1342 | D:2      | Reached XP level 3. HP: 16/29 MP: 5/5
  1627 | D:2      | Found a shattered altar of Ashenzari.
  2253 | D:2      | Acquired Lugonu's second power
  2440 | D:2      | Reached skill level 4 in Fighting
  2478 | D:2      | Reached XP level 4. HP: 35/37 MP: 7/7
  2529 | D:2      | Found a bloodstained altar of Trog.
  2712 | D:2      | Gained mutation: You are weak. (Str -2) [evolution]
  3479 | D:3      | Succumbed to an orc wizard's poison

Action                   |  1- 3 |  4- 6 || total
-------------------------+-------+-------++-------
Melee: Spear             |   134 |    70 ||   204
Invok: Depart the Abyss  |     1 |       ||     1
       Bend Space        |       |     2 ||     2
 Abil: Spit Poison       |     4 |       ||     4
  Use: Scroll            |     8 |     2 ||    10
       Potion            |     4 |       ||     4
 Stab: Distracted        |       |     1 ||     1
  Eat: Bread ration      |     1 |       ||     1
       Fruit             |     1 |     4 ||     5
